 Dungeon Crawl Stone Soup version 0.20-a0-723-gf57855b (webtiles) character file.

504 Laan the Merchant of Misery (level 6, -1/41 HPs)
             Began as a Mummy Necromancer on Feb 22, 2017.
             Was a Believer of Kikubaaqudgha.
             Slain by a centaur (5 damage)
             ... on level 6 of the Dungeon.
             The game lasted 00:08:55 (5265 turns).

Laan the Merchant of Misery (Mummy Necromancer)     Turns: 5265, Time: 00:08:56

Health: -1/41      AC:  3    Str: 12    XL:     6   Next: 96%
Magic:  11/14      EV: 12    Int: 16    God:    Kikubaaqudgha [**....]
Gold:   237        SH:  0    Dex: 12    Spells: 14/15 levels left

rFire    x . .     SeeInvis .   m - +5 short sword (venom)
rCold    + . .     Gourm    .   a - +0 robe
rNeg     + + +     Faith    .   (no shield)
rPois    ∞         Spirit   .   n - +0 helmet
rElec    .         Reflect  .   (no cloak)
rCorr    .         Harm     .   (no gloves)
MR       .....                  (no boots)
Stlth    ++........             (no amulet)
Regen    0.2/turn               (no ring)
MPRegen  0.2/turn               (no ring)

@: no status effects
A: no food or potions, fire vulnerability, cold resistance 1, negative energy
resistance 3, torment resistance, unbreathing
a: Receive Corpses, Renounce Religion


You were on level 6 of the Dungeon.
You worshipped Kikubaaqudgha.
Kikubaaqudgha was pleased with you.
You were not hungry.

You visited 1 branch of the dungeon, and saw 6 of its levels.

You collected 237 gold pieces.

Inventory:

Hand Weapons
 e - a +1 short sword of venom
 m - a +5 short sword of venom (weapon)
Armour
 a - a +0 robe (worn)
 n - a +0 helmet (worn)
Jewellery
 o - an uncursed ring of flight {unknown}
Scrolls
 c - a scroll of magic mapping
 d - 6 scrolls of identify {unknown}
 f - 4 scrolls of remove curse {unknown}
 g - a scroll of noise {unknown}
 h - a scroll of amnesia
 i - 2 scrolls of enchant armour {unknown}
 k - a scroll of teleportation {unknown}
 l - a scroll of fear {unknown}
Books
 b - a book of Necromancy

   Spells                             Type                      Level
   a - Pain                           Necromancy                   1
   b - Animate Skeleton               Necromancy                   1
   c - Vampiric Draining              Necromancy                   3
   d - Regeneration                   Charms/Necromancy            3
   e - Animate Dead                   Necromancy                   4
   f - Control Undead                 Necromancy                   4
 j - Kikubaaqudgha's Incunabulum of Evil Rites
   (Kikubaaqudgha gifted it to you on level 3 of the Dungeon)

   Spells                             Type                      Level
   a - Animate Skeleton               Necromancy                   1
   b - Pain                           Necromancy                   1
   c - Corpse Rot                     Necromancy                   2
   d - Vampiric Draining              Necromancy                   3
   e - Control Undead                 Necromancy                   4


   Skills:
 - Level 1.5 Dodging
 - Level 1.5 Stealth
 + Level 5.4 Spellcasting
 * Level 7.3 Necromancy


You had 14 spell levels left.
You knew the following spells:

 Your Spells              Type           Power        Failure   Level  Hunger
a - Pain                  Necr           ####         1%          1    N/A

Dungeon Overview and Level Annotations

Branches:
Dungeon (6/15)
 Temple: D:4-7

Altars:
Gozag
Kikubaaqudgha
Nemelex Xobeh
Okawaru


Innate Abilities, Weirdness & Mutations

You do not eat or drink.
Your flesh is vulnerable to fire.
You are immune to poison.
Your flesh is cold resistant. (rC+)
You are immune to negative energy. (rN+++)
You are immune to unholy pain and torment.
You can survive without breathing.


Message History

Press: ? - help, Shift-Dir - straight line, f - centaur
Aim: a centaur (lightly wounded, chance to defeat MR: 84%)
The centaur writhes in agony!
The centaur hits you.
* * * LOW HITPOINT WARNING * * *
Casting: Pain
Confirm with . or Enter, or press ? or * to list all spells.
Aiming: Pain
Press: ? - help, Shift-Dir - straight line, f/p - centaur
Aim: a centaur (lightly wounded, chance to defeat MR: 84%)
The centaur writhes in agony!
The centaur hits you!
* * * LOW HITPOINT WARNING * * *
The centaur closely misses you.
Casting: Pain
Confirm with . or Enter, or press ? or * to list all spells.
Aiming: Pain
Press: ? - help, Shift-Dir - straight line, f/p - centaur
Aim: a centaur (moderately wounded, chance to defeat MR: 84%)
The centaur barely resists.
The centaur hits you.
You die...
Kikubaaqudgha rasps: "You have failed me!
Welcome... oblivion!"

......# .....#
#....#
##....##+#####
+.....#......#
#.....#......#
#.....+(...@c+
#.<.##..####
.###...##.>#
............+
............#
.............#
######..######
#..# +....


You could see a centaur.

Vanquished Creatures
  A howler monkey (D:5)
  An orc priest (D:4)
  Terence (D:3)
  2 orc wizards
  3 worker ants
  A hound zombie (D:5)
  A hound skeleton (D:5)
  Robin (D:4)
  3 gnolls (D:2)
  8 adders
  2 shadow imps (D:5)
  An ooze (D:2)
  3 worms
  2 dart slugs
  8 leopard geckos
  12 orcs
  A ball python (D:3)
  5 giant cockroaches
  15 goblins
  6 hobgoblins
  4 jackals (D:4)
  12 bats
  7 frilled lizards
  7 kobolds
  7 rats
114 creatures vanquished.

Notes
Turn   | Place    | Note
-------+----------+-------------------------------------------
     0 | D:1      | Laan the Mummy Necromancer began the quest for the Orb.
     0 | D:1      | Reached XP level 1. HP: 13/13 MP: 4/4
   292 | D:1      | Reached XP level 2. HP: 19/19 MP: 3/6
   862 | D:2      | Reached XP level 3. HP: 16/24 MP: 0/8
  1057 | D:2      | Found an ancient bone altar of Kikubaaqudgha.
  1065 | D:2      | Became a worshipper of Kikubaaqudgha
  1444 | D:2      | Reached skill level 5 in Necromancy
  1542 | D:2      | Reached XP level 4. HP: 30/30 MP: 10/10
  1626 | D:2      | Found a sparkling altar of Nemelex Xobeh.
  2153 | D:3      | Noticed Terence
  2172 | D:3      | Killed Terence
  2172 | D:3      | Reached XP level 5. HP: 12/35 MP: 2/11
  2631 | D:3      | Reached * piety under Kikubaaqudgha
  2631 | D:3      | Identified Kikubaaqudgha's Incunabulum of Evil Rites (Kikubaaqudgha gifted it to you on level 3 of the Dungeon)
  2631 | D:3      | Received a gift from Kikubaaqudgha
  2733 | D:3      | Reached skill level 6 in Necromancy
  3282 | D:4      | Reached ** piety under Kikubaaqudgha
  3402 | D:3      | Reached XP level 6. HP: 29/41 MP: 13/13
  3830 | D:4      | Noticed Robin
  3849 | D:4      | Killed Robin
  3922 | D:4      | Found an opulent altar of Gozag.
  3922 | D:4      | Found an iron altar of Okawaru.
  4195 | D:4      | Reached skill level 5 in Spellcasting
  4561 | D:5      | Entered Level 5 of the Dungeon
  4595 | D:5      | Reached skill level 7 in Necromancy
  5265 | D:6      | Slain by a centaur

Vault maps used:
D:1:      shiori_shiawase, kennysheep_boxes
D:2:      old_standard_altar, lemuel_crystal_altar
D:3:      first_bread, roderic_batcave, uniq_terence
D:4:      amethyst_overflow_temple_binary, hangedman_decor_growths, uniq_robin
D:6:      kennysheep_mini_moat, minmay_temple_entry_poolview,
          kennysheep_generic_room_5

Skill      XL: |  1  2  3  4  5  6 |
---------------+-------------------+-----
Spellcasting   | 3 4 5 |  5.4
Necromancy     | 5 6 7 |  7.3
Dodging        | |  1.5
Stealth        | |  1.5

Action                   |  1- 3 |  4- 6 || total
-------------------------+-------+-------++-------
Melee: Short sword       |    15 |   186 ||   201
 Cast: Pain              |    58 |    46 ||   104
  Use: Scroll            |     2 |       ||     2
 Stab: Sleeping          |     1 |     8 ||     9
       Distracted        |       |     1 ||     1
Armor: Robe              |     7 |    39 ||    46
Dodge: Dodged            |    15 |   159 ||   174
